 Dungeon Crawl Stone Soup version 0.27-a0-931-g5a74e75d8f (webtiles) character file.

Game seed: 6167595719057261850

39 jestyr24 the Sneak (level 3, -7/21 HPs)
             Began as an Octopode Brigand on Apr 10, 2021.
             Was a Believer of Hepliaklqana.
             Killed by divine providence
             ... invoked by an orc priest
              (12 damage)
             ... on level 3 of the Dungeon.
             The game lasted 00:10:27 (2397 turns).

jestyr24 the Sneak (Octopode Brigand)               Turns: 2397, Time: 00:10:28

Health: -7/21      AC:  1    Str: 16    XL:     3   Next: 47%
Magic:  3/3        EV: 12    Int: 13    God:    Hepliaklqana [**....]
Gold:   81         SH:  0    Dex: 14    Spells: 0/2 levels left

rFire    . . .     SeeInvis .   o - +0 spear
rCold    . . .     Faith    .   (no shield)
rNeg     . . .     Spirit   .   (helmet restricted)
rPois    .         Reflect  .   (no amulet)
rElec    .         Harm     .   m - +6 ring of strength
rCorr    .         Rampage  .   (no ring)
Will     .....                  (no ring)
Stlth    ++++......             (no ring)
HPRegen  0.07/turn              (no ring)
MPRegen  0.08/turn              (no ring)
                                (no ring)
                                (no ring)

@: no status effects
A: reduced essence, almost no armour, amphibious, 8 rings, camouflage 1,
gelatinous body 1, (nimble swimmer 1), tentacles
a: Renounce Religion, Recall Ancestor, Ancestor Identity


You were on level 3 of the Dungeon.
You worshipped Hepliaklqana.
Hepliaklqana was pleased with you.
You visited 1 branch of the dungeon, and saw 3 of its levels.

You collected 81 gold pieces.

Inventory:

Hand Weapons
 a - a +2 dagger
 e - a +0 dagger
 o - a +0 spear (weapon)
Missiles
 b - 6 poisoned darts (quivered)
 c - 2 curare-tipped darts
 f - 12 stones
Jewellery
 m - a +6 ring of strength (left tentacle)
Scrolls
 d - a scroll of amnesia {unknown}
 g - 2 scrolls of teleportation {unknown}
 h - 2 scrolls of enchant armour {unknown}
 j - a scroll of acquirement {unknown}
 k - a scroll of magic mapping {unknown}
Potions
 i - a potion of cancellation {unknown}
 l - a potion of mutation {unknown}
 n - a potion of heal wounds {unknown}


   Skills:
 * Level 2.0 Fighting
 - Level 2.1 Short Blades
 + Level 2.2 Throwing
 + Level 1.0 Dodging
 + Level 6.7 Stealth
 * Level 0.2 Spellcasting


You couldn't memorise any spells.
You knew the following spells:

 Your Spells              Type           Power      Damage    Failure   Level
a - Blink                 Tloc           N/A        N/A       43%         2

Your spell library contained the following spells:

 Spells                   Type           Power      Damage    Failure   Level
 Magic Dart               Conj           0%         1d3       30%         1
 Call Imp                 Summ           0%         N/A       43%         2
 Slow                     Hex            0%         N/A       43%         2
 Conjure Flame            Conj/Fire      0%         6-21      67%         3
 Mephitic Cloud           Conj/Pois/Air  0%         N/A       67%         3


Dungeon Overview and Level Annotations

Branches:
Dungeon (3/15)

Altars:
Ashenzari
Hepliaklqana


Innate Abilities, Weirdness & Mutations

Your life essence is reduced to manifest your ancestor. (-10% HP)
You cannot wear most types of armour.
You are amphibious.
You can wear up to eight rings at the same time.
Your skin changes colour to match your surroundings (Stealth+).
Your rubbery body absorbs attacks. (AC +1, EV +1)
((You are camouflaged near water. (Stealth+)))
You have tentacles for arms and can constrict up to eight enemies at once.


Message History

You see here a +0 spear.
o - a +0 spear Done exploring.
Done exploring.
o - a +0 spear (weapon)
Done exploring.
There is a stone staircase leading down here.
You climb downwards.
There is a stone staircase leading up here.
You swap places.
Found a broken altar of Ashenzari.
You open the door.
Found a helmet.
You open the door.
There is an open door here.
An orc and an orc priest come into view.
What are your orders? t - Shout!
Orders for allies: a - Attack new target. r - Retreat! s - Stop attacking. g - Guard the area. f - Follow me.
Anything else - Cancel.
Gang up on whom?
Press: ? - help, Dir - move target, f - orc
Aim: an orc, wielding a +0 whip (asleep) Attack!
The orc priest shouts!
You hear a shout! x2
An orc comes into view. It is wielding a +0 flail.
You swap places.
The orc priest invokes the aid of Beogh against you.
Beogh smites you!
Ouch! That really hurt!
* * * LOW HITPOINT WARNING * * *
You hit the orc priest. Your grab misses the orc priest.
The orc priest is moderately wounded.
Amhos closely misses the orc.
The orc priest calls down the wrath of Beogh upon you.
Beogh smites you!
Ouch! That really hurt!
You die...

##### ######...##
#... +....'....# #..
######....# #..
..........# ###..
#####.....# #..o#
....#.....###..o#
<.#.....#..##.Ro###.#
..#........##...@...#
..#....###.##.[.###.#
..#....###..#...#
###....###......#
......#..###'##
##.....#..# #.#
##...._..# #.#
.....#..# #.#
###..#..# #.#


You could see the friendly Amhos the hexer, an orc priest and 2 orcs.

Vanquished Creatures
  A dart slug (D:2)
  3 endoplasms
  3 giant cockroaches
  2 goblins (D:2)
  4 jackals (D:1)
  3 ball pythons
  3 bats
  A frilled lizard (D:1)
  5 kobolds
  4 rats
29 creatures vanquished.

Vanquished Creatures (collateral kills)
  2 endoplasms (D:1)
  A giant cockroach (D:1)
  A quokka (D:2)
  A ball python (D:1)
  A kobold (D:1)
6 creatures vanquished.

Vanquished Creatures (others)
  2 ancestors (D:1)
2 creatures vanquished.

Grand Total: 37 creatures vanquished

Notes
Turn   | Place    | Note
-------+----------+-------------------------------------------
     0 | D:1      | jestyr24 the Octopode Brigand began the quest for the Orb.
     0 | D:1      | Reached XP level 1. HP: 14/14 MP: 1/1
     7 | D:1      | Noticed a merfolk zombie
     8 | D:1      | Noticed a minotaur zombie
    19 | D:1      | Noticed a minotaur zombie
    70 | D:1      | Found a faded altar of an unknown god.
   486 | D:1      | Became a worshipper of Hepliaklqana the Forgotten
   486 | D:1      | Reached * piety under Hepliaklqana
   646 | D:1      | Reached XP level 2. HP: 17/17 MP: 2/2
   666 | D:1      | Reached skill level 6 in Stealth
  1810 | D:2      | Reached XP level 3. HP: 21/21 MP: 3/3
  2039 | D:2      | Learned a level 2 spell: Blink
  2067 | D:2      | Reached ** piety under Hepliaklqana
  2069 | D:2      | Remembered your ancestor Amhos as a hexer
  2366 | D:3      | Found a broken altar of Ashenzari.
  2397 | D:3      | Killed from afar by an orc priest

Illustrated notes

Levels and vault maps discovered:
D:1:      shiori_arrival_whats_in_store_for_you, layout_rooms,
          chequers_ecumenical_altar_simple_redux, serial_co_window_serial,
          co_window_cross_1, co_window_corner_a, co_window_paths_a,
          co_window_paths_b, co_window_of_opportunity_a, co_window_corner_a,
          co_window_paths_a, co_window_paths_c, co_window_2corner,
          co_window_broadway_b, co_window_of_opportunity_b,
          co_window_of_opportunity_c, glass_columns_b, hex_intersection,
          feat_on_display
D:2:      layout_rooms
D:3:      layout_basic, cheibrodos_ashenzari_chains, gammafunk_ghost_grave,
          minmay_fractal_squares_5

Skill      XL: |  1  2 |
---------------+-------+-----
Stealth        | 6 |  6.7
Fighting       | |  2.0
Short Blades   | |  2.1
Throwing       | |  2.2
Dodging        | |  1.0
Spellcasting   | |  0.2

Action                   || total
-------------------------++-------
Melee: Dagger            ||    52
       Constrict         ||     8
       Tentacles         ||     8
       Spear             ||     1
Throw: Dart              ||    17
Invok: Ancestor Identity ||     2
       Ancestor Life: He ||     1
 Stab: Sleeping          ||     7
Armor: Skin              ||     4
Dodge: Dodged            ||    27

Table legend: (Time is in decaauts)
 A = Elapsed time spent in this place.
 B = Non-inter-level travel time spent in this place.
 C = Inter-level travel time spent in this place.
 D = Time resting spent in this place.
 E = Time spent auto-exploring this place.
 F = Levels seen in this place.
 G = Mean time per level.
                   A        B        C        D        E       F      G
               +--------+--------+--------+--------+--------+-----+--------+
         Total |   2388 |   2275 |    113 |    796 |   1102 |   3 |  796.0 |
       Dungeon |   2388 |   2275 |    113 |    796 |   1102 |   3 |  796.0 |
               +--------+--------+--------+--------+--------+-----+--------+

Top non-repeatable levels by time:
     D:1: 1802 daAuts
     D:2: 549 daAuts
     D:3: 36 daAuts
